 Dungeon Crawl Stone Soup version 0.23.2-30-g0e89c35649 (webtiles) character file.

Game seed: 10479149393900108535

136 geeseburger the Poker (level 5, -4/40 HPs)
             Began as a Gnoll Wanderer on June 17, 2019.
             Slain by an ogre
             ... wielding a +0 giant club
              (22 damage)
             ... on level 3 of the Dungeon.
             The game lasted 00:09:52 (3180 turns).

geeseburger the Poker (Gnoll Wanderer)              Turns: 3180, Time: 00:09:53

Health: -4/40      AC:  9    Str: 15    XL:     5   Next: 19%
Magic:  7/7        EV:  8    Int: 13    God:
Gold:   148        SH:  0    Dex: 16    Spells: 6/6 levels left

rFire    + . .     SeeInvis .   a - +3 dagger
rCold    x . .     Gourm    .   (no shield)
rNeg     + . .     Faith    .   q - +0 chain mail
rPois    .         Spirit   .   (no helmet)
rElec    .         Reflect  .   (no cloak)
rCorr    .         Harm     .   (no gloves)
MR       .....                  o - +0 pair of boots
Stlth    ..........             (no amulet)
HPRegen  0.13/turn              l - ring of fire
MPRegen  0.10/turn              j - ring of positive energy

@: no status effects
A: distributed training, fangs 1, strong nose
a: no special abilities


You were on level 3 of the Dungeon.
You were hungry.

You visited 1 branch of the dungeon, and saw 4 of its levels.

You collected 148 gold pieces.

Inventory:

Hand Weapons
 a - a +3 dagger (weapon)
Armour
 o - a +0 pair of boots (worn)
 q - a +0 chain mail (worn)
Jewellery
 j - a ring of positive energy (right hand)
 l - a ring of fire (left hand)
Scrolls
 d - a scroll of teleportation
 g - a scroll of immolation
 h - a scroll of enchant weapon
 n - a scroll of remove curse
Potions
 b - 3 potions of haste
 c - 3 potions of curing
 k - 2 potions of agility
 m - a potion of lignification
 p - a potion of might
Comestibles
 f - 7 rations


   Skills:
 + Level 2.9 Fighting
 + Level 1.3 Short Blades
 + Level 1.3 Long Blades
 + Level 1.3 Axes
 + Level 1.3 Maces & Flails
 + Level 6.6 Polearms
 + Level 1.3 Staves
 + Level 1.3 Slings
 + Level 1.3 Bows
 + Level 1.3 Crossbows
 + Level 1.3 Throwing
 + Level 1.3 Armour
 + Level 4.7 Dodging
 + Level 4.3 Stealth
 + Level 2.9 Shields
 + Level 1.3 Unarmed Combat
 + Level 1.3 Spellcasting
 + Level 1.1 Conjurations
 + Level 1.1 Hexes
 + Level 1.1 Charms
 + Level 1.1 Summonings
 + Level 1.1 Necromancy
 + Level 1.1 Translocations
 + Level 1.1 Transmutations
 + Level 1.1 Fire Magic
 + Level 1.1 Ice Magic
 + Level 1.1 Air Magic
 + Level 1.1 Earth Magic
 + Level 1.1 Poison Magic
 + Level 1.5 Invocations
 + Level 2.9 Evocations


You had 6 spell levels left.
You didn't know any spells.
Your spell library was empty.

Dungeon Overview and Level Annotations

Branches:
Dungeon (4/15)
 Temple: D:4-7

Altars:
Gozag

Annotations:
D:4 Grinder, Menkaure


Innate Abilities, Weirdness & Mutations

Your experience applies equally to all skills.
You have very sharp teeth.
Your uncanny sense of smell can sniff out nearby items.


Message History

You barely miss the ogre. You hit the ogre.
The ogre is lightly wounded.
The ogre hits you with a +0 giant club!
You hit the ogre.
The ogre is lightly wounded.
The ogre barely misses you.
You hit the ogre.
The ogre is moderately wounded.
The ogre closely misses you.
You hit the ogre.
The ogre is moderately wounded.
You hit the ogre. You bite the ogre.
The ogre is heavily wounded.
The ogre hits you with a +0 giant club!
You closely miss the ogre.
The ogre is heavily wounded.
The ogre hits you with a +0 giant club!!
Ouch! That really hurt!
You die...

##..######.##†######.#.######.#
............#.######.#..##....#
.#..######..#..##....##.##.####
.#..##.............####.#...##
.#..##.###..##...............#
.#..........##.##.#####......#
.#.........(##<##.# #..#.#.#
.##.........##.##.# #..#.#.#
.##...........oO@.# #..#.#.#
...............########..#.#.#
....).[...####.#......(....#.#
###..>....# #.......##..###.#
######### ##.....###..# #.#
#.....###..# #.# #.<.....(#.#
#.# #####......##.## #.#
#......(...##.# #.#


You could see an ogre and an orc.

Vanquished Creatures
  A crimson imp (D:3)
  2 adders
  An ooze (D:3)
  3 worms
  3 dart slugs
  3 orcs (D:3)
  4 bats
  2 bat zombies (D:1)
  5 giant cockroaches
  6 goblins
  9 hobgoblins
  3 jackals (D:3)
  2 quokkas (D:2)
  6 frilled lizards
  3 kobolds
  8 rats
61 creatures vanquished.

Notes
Turn   | Place    | Note
-------+----------+-------------------------------------------
     0 | D:1      | geeseburger the Gnoll Wanderer began the quest for the Orb.
     0 | D:1      | geeseburger set off with the following items: a +2 dagger,
                  | a potion of haste, a potion of curing, a scroll of
                  | teleportation, a +0 robe, a ration
     0 | D:1      | Reached XP level 1. HP: 17/17 MP: 2/2
   164 | D:1      | Reached XP level 2. HP: 23/23 MP: 3/3
   440 | D:1      | Reached XP level 3. HP: 28/28 MP: 4/4
   933 | D:2      | Reached skill level 1 in Invocations
  1695 | D:2      | Reached skill level 1 in Short Blades
  1695 | D:2      | Reached skill level 1 in Long Blades
  1695 | D:2      | Reached skill level 1 in Axes
  1695 | D:2      | Reached skill level 1 in Maces & Flails
  1695 | D:2      | Reached skill level 1 in Staves
  1695 | D:2      | Reached skill level 1 in Slings
  1695 | D:2      | Reached skill level 1 in Bows
  1695 | D:2      | Reached skill level 1 in Crossbows
  1695 | D:2      | Reached skill level 1 in Throwing
  1695 | D:2      | Reached skill level 1 in Armour
  1695 | D:2      | Reached skill level 1 in Unarmed Combat
  1695 | D:2      | Reached skill level 1 in Spellcasting
  1934 | D:3      | Reached XP level 4. HP: 30/34 MP: 6/6
  2306 | D:3      | Reached skill level 1 in Conjurations
  2306 | D:3      | Reached skill level 1 in Hexes
  2306 | D:3      | Reached skill level 1 in Charms
  2306 | D:3      | Reached skill level 1 in Summonings
  2306 | D:3      | Reached skill level 1 in Necromancy
  2306 | D:3      | Reached skill level 1 in Translocations
  2306 | D:3      | Reached skill level 1 in Transmutations
  2306 | D:3      | Reached skill level 1 in Fire Magic
  2306 | D:3      | Reached skill level 1 in Ice Magic
  2306 | D:3      | Reached skill level 1 in Air Magic
  2306 | D:3      | Reached skill level 1 in Earth Magic
  2306 | D:3      | Reached skill level 1 in Poison Magic
  2465 | D:3      | Reached XP level 5. HP: 39/40 MP: 7/7
  2588 | D:3      | Found an opulent altar of Gozag.
  2835 | D:4      | Noticed Menkaure
  2835 | D:4      | Noticed Grinder
  3106 | D:4      | Noticed an ogre
  3180 | D:3      | Slain by an ogre

Skill      XL: |  1  2  3  4 |
---------------+-------------+-----
Invocations    | 1 |  1.5
Short Blades   | 1 |  1.3
Long Blades    | 1 |  1.3
Axes           | 1 |  1.3
Maces & Flails | 1 |  1.3
Staves         | 1 |  1.3
Slings         | 1 |  1.3
Bows           | 1 |  1.3
Crossbows      | 1 |  1.3
Throwing       | 1 |  1.3
Armour         | 1 |  1.3
Unarmed Combat | 1 |  1.3
Spellcasting   | 1 |  1.3
Conjurations   | 1 |  1.1
Hexes          | 1 |  1.1
Charms         | 1 |  1.1
Summonings     | 1 |  1.1
Necromancy     | 1 |  1.1
Translocations | 1 |  1.1
Transmutations | 1 |  1.1
Fire Magic     | 1 |  1.1
Ice Magic      | 1 |  1.1
Air Magic      | 1 |  1.1
Earth Magic    | 1 |  1.1
Poison Magic   | 1 |  1.1
Fighting       | |  2.9
Polearms       | |  6.6
Dodging        | |  4.7
Stealth        | |  4.3
Shields        | |  2.9
Evocations     | |  2.9

Action                   |  1- 3 |  4- 6 || total
-------------------------+-------+-------++-------
Melee: Dagger            |   111 |   143 ||   254
       Bite              |    12 |    14 ||    26
       Punch             |       |     1 ||     1
  Use: Scroll            |     7 |     3 ||    10
       Potion            |     2 |     2 ||     4
 Stab: Sleeping          |     9 |     2 ||    11
  Eat: Ration            |     1 |     1 ||     2
Armor: Robe              |     6 |       ||     6
       Ring mail         |    16 |    47 ||    63
       Chain mail        |       |    22 ||    22
Dodge: Dodged            |    55 |   101 ||   156
